 Dungeon Crawl Stone Soup version 0.17-a0-2144-gd7f430c (webtiles) character file.

102 Arkorax the Skirmisher (level 4, -1/52 HPs)
             Began as an Ogre Berserker on Oct 24, 2015.
             Was a Believer of Trog.
             Slain by a gnoll
             ... wielding a +0 halberd
              (5 damage)
             ... on level 2 of the Dungeon.
             The game lasted 00:03:35 (1325 turns).

Arkorax the Skirmisher (Ogre Berserker)             Turns: 1325, Time: 00:03:35

Health: -1/52      AC:  3    Str: 23    XL:     4   Next: 78%
Magic:  4/4        EV: 10    Int:  6    God:    Trog [**....]
Gold:   49         SH:  0    Dex:  9    Spells: 0 memorised, 3 levels left

rFire  . . .     SeeInvis .     a - +0 mace
rCold  . . .     Clarity  .     f - +0 robe
rNeg   . . .     SustAt   .     (no shield)
rPois  .         Gourm    .     (helmet restricted)
rElec  .         Spirit   .     (no cloak)
rCorr  .         Warding  .     (gloves unavailable)
rMut   .         Stasis   .     (boots unavailable)
MR     ++...                    (no amulet)
Stlth  +.........               (no ring)
                                (no ring)

@: exhausted, regenerating, slowed, very slow, very resistant to hostile
enchantments, very unstealthy
A: unfitting armour, tough skin 1
a: Berserk, Trog's Hand, Burn Spellbooks, Renounce Religion


You were on level 2 of the Dungeon.
You worshipped Trog.
Trog was pleased with you.
You were hungry.

You visited 1 branch of the dungeon, and saw 2 of its levels.

You collected 49 gold pieces.

Inventory:

Hand Weapons
 a - a +0 mace (weapon)
Armour
 b - a +0 animal skin
 f - a +0 robe (worn)
Jewellery
 h - a cursed -3 ring of dexterity {unknown}
Scrolls
 e - a scroll of immolation {unknown}
 i - 4 scrolls of identify {unknown}
 k - a scroll of recharging {unknown}
 l - 3 scrolls of enchant weapon {unknown}
 m - a scroll of random uselessness {unknown}
 p - a scroll of remove curse {unknown}
Potions
 d - a potion of heal wounds {unknown}
 g - a potion of might {unknown}
 n - a potion of magic {unknown}
 q - a potion of resistance {unknown}
Comestibles
 c - a bread ration
 j - a slice of pizza


   Skills:
 + Level 5.8 Fighting
 + Level 5.4 Maces & Flails
 - Level 2.6 Dodging
 + Level 0.5 Stealth


You had 3 spell levels left.
You didn't know any spells.

Dungeon Overview and Level Annotations

Branches:
Dungeon (2/15)

Altars:
Makhleb


Innate Abilities, Weirdness & Mutations

You are too large for most types of armour.
You have tough skin (AC +1).


Message History

You are exhausted.
You feel yourself slow down.
You are feeling hungry.
The gnoll hits you with a whip.
* * * LOW HITPOINT WARNING * * *
The gnoll hits you from afar with a halberd!
* * * LOW HITPOINT WARNING * * *
The gnoll hits you with a whip.
* * * LOW HITPOINT WARNING * * *
The gnoll closely misses you. The gnoll hits you with a whip.
* * * LOW HITPOINT WARNING * * *
You see here a club.
The gnoll closely misses you.
Use which ability?
Your skin crawls.
You feel resistant to hostile enchantments.
You feel slightly more hungry.
The gnoll hits you from afar with a halberd.
You die...

...###########..###### .###
#...## .# #.### ## ##.#
###### # #..# #....# # #.##
#....#
###########.########....####
.............†g.#..........#
########..#####g@..........#
.### ##.## ###..........#
)..####g.# #..).[.....#
.#g...#.###### ####.>..####
.###........... ##....#
..##.#......... ##.....#
#....###....... #..#####
#..### ....(.. #.## #..###
####### #.#


You could see 2 gnolls.

Vanquished Creatures
  A crimson imp (D:2)
  3 adders (D:2)
  A gnoll (D:2)
  2 giant geckos (D:2)
  5 bats (D:2)
  2 giant cockroaches (D:1)
  5 hobgoblins
  A jackal (D:2)
  2 kobolds (D:2)
  2 giant newts (D:1)
  6 goblins (D:2)
  3 rats (D:1)
33 creatures vanquished.

Notes
Turn   | Place    | Note
--------------------------------------------------------------
     0 | D:1      | Arkorax the Ogre Berserker began the quest for the Orb.
     0 | D:1      | Reached XP level 1. HP: 24/24 MP: 1/1
   242 | D:1      | Reached XP level 2. HP: 33/33 MP: 2/2
   707 | D:2      | Reached ** piety under Trog
   707 | D:2      | Reached skill level 5 in Fighting
   712 | D:2      | Reached XP level 3. HP: 29/42 MP: 3/3
   933 | D:2      | Found a burning altar of Makhleb.
   979 | D:2      | Reached skill level 5 in Maces & Flails
   979 | D:2      | Reached XP level 4. HP: 29/50 MP: 4/4
  1322 | D:2      | HP: 2/52 [gnoll/whip (5)]
  1325 | D:2      | Slain by a gnoll

Vault maps used:
D:1:      evilmike_arrival_rings
D:2:      makhleb_grotto_becter, first_bread, st_stairs_11

Action                   |  1- 3 |  4- 6 || total
-------------------------+-------+-------++-------
Melee: Mace              |    99 |    27 ||   126
Invok: Berserk           |     1 |     1 ||     2
       Trog's Hand       |     1 |     2 ||     3
 Stab: Sleeping          |     1 |       ||     1
  Eat: Chunk             |     1 |     2 ||     3
